HSSL
MADAWASKA VALLEY HS WOLVES @ MAIZE HS
05/06/2030
 
TOP OF THE 1ST
Madawaska Valley HS Wolves batting - Pitching for Maize HS : RHP Broderick Jones
Pitching: RHP Broderick Jones
Batting: LHB Eugene Rogers 0-0: Ball
1-0: Ball
2-0: Called Strike
2-1: Ball
3-1: Called Strike
3-2: Foul Ball, location: 2F
3-2: Fly out, F8 (Flyball, 89D)
Batting: RHB Bill Martínez 0-0: Called Strike
0-1: Swinging Strike
0-2: Ball
1-2: Ball
2-2: Foul Ball, location: 2F
2-2: Ground out 4-3 (Groundball, 4S)
Batting: LHB Marvin Martin 0-0: Ball
1-0: Ball
2-0: Called Strike
2-1: Ball
3-1: Base on Balls
Batting: LHB Carl Childs 0-0: Ball
1-0: SINGLE (Flyball, 7LS)
Marvin Martin to second
Batting: LHB Ricardo Carrillo 0-0: Swinging Strike
0-1: Foul Ball, location: 2F
0-2: 3-RUN HOME RUN (Flyball, 89XD), Distance : 442 ft
Batting: LHB Bob Stafford 0-0: Ball
1-0: Ball
2-0: Ground out 4-3 (Groundball, 4D)
Top of the 1st over - 3 runs, 2 hits, 0 errors, 0 left on base; Madawaska Valley HS 3 - Maize HS 0
BOTTOM OF THE 1ST
Maize HS batting - Pitching for Madawaska Valley HS Wolves : RHP Jerry Martin
Pitching: RHP Jerry Martin
Batting: LHB Terry Manning 0-0: DOUBLE (Flyball, 8RD)
Batting: RHB Ángelo Cortéz 0-0: Foul Ball, location: 2F
0-1: Ball
1-1: Ball
2-1: Ball
3-1: Base on Balls
Batting: SHB Richard Hodges 0-0: Ball
1-0: Ball
2-0: Ball
3-0: Called Strike
3-1: SINGLE (Line Drive, 8LS)
Terry Manning to third
Ángelo Cortéz to second
Runner from 3rd tries for Home, SAFE, no throw
Batting: RHB Dennis Brooks 0-0: Swinging Strike
0-1: SINGLE (Flyball, 9LM)
Ángelo Cortéz to third
Richard Hodges to second
Batting: LHB Matthis Michaud 0-0: Foul Ball, location: 2F
0-1: Called Strike
0-2: SINGLE (Groundball, 34D)
Ángelo Cortéz scores
Richard Hodges to third
Dennis Brooks to second
Batting: RHB David Cox 0-0: Foul Ball, location: 2F
0-1: Fly out, F7 (Flyball, 7LSF)
Runner from 3rd tags up, SCORES, no throw
Batting: RHB José Ramírez 0-0: Foul Ball, location: 2F
0-1: Ball
1-1: Foul Ball, location: 2F
1-2: Fly out, F8 (Line Drive, 8RM)
Batting: SHB Adrian Turner 0-0: Called Strike
0-1: Ball
1-1: Foul Ball, location: 2F
1-2: Foul Ball, location: 2F
1-2: Ball
2-2: Strikes out swinging
Bottom of the 1st over - 3 runs, 4 hits, 0 errors, 2 left on base; Madawaska Valley HS 3 - Maize HS 3
TOP OF THE 2ND
Madawaska Valley HS Wolves batting - Pitching for Maize HS : RHP Broderick Jones
Batting: RHB Ed Starr 0-0: Swinging Strike
0-1: Swinging Strike
0-2: Ball
1-2: Foul Ball, location: 2F
1-2: SINGLE (Line Drive, 7LS)
Batting: RHB Jim Barnes 0-0: Called Strike
0-1: Ball
Wild Pitch!
Ed Starr to second
1-1: Ball
2-1: Called Strike
2-2: Foul Ball, location: 2F
2-2: Ball
3-2: Strikes out looking
Batting: RHB Jeff Kinser 0-0: SINGLE (Groundball, 56D)
Ed Starr to third
Runner from 3rd tries for Home, SAFE, no throw
Batting: LHB Eugene Rogers 0-0: Called Strike
0-1: Ball
1-1: Ball
2-1: Swinging Strike
2-2: SINGLE (Line Drive, 8RS)
Jeff Kinser to second
Batting: RHB Bill Martínez 0-0: Foul Ball, location: 2F
0-1: Called Strike
0-2: Ball
1-2: Grounds into double play, 1-6-3 (Groundball, P)
Top of the 2nd over - 1 run, 3 hits, 0 errors, 1 left on base; Madawaska Valley HS 4 - Maize HS 3
BOTTOM OF THE 2ND
Maize HS batting - Pitching for Madawaska Valley HS Wolves : RHP Jerry Martin
Batting: SHB Armando Guzmán 0-0: Ball
1-0: Called Strike
1-1: Called Strike
1-2: Strikes out swinging
Batting: LHB Terry Manning 0-0: Called Strike
0-1: Ball
1-1: Called Strike
1-2: Ground out U3 (Groundball, 34)
Batting: RHB Ángelo Cortéz 0-0: Foul Ball, location: 2F
0-1: Called Strike
0-2: Ball
1-2: Foul Ball, location: 2F
1-2: Strikes out swinging
Bottom of the 2nd over - 0 runs, 0 hits, 0 errors, 0 left on base; Madawaska Valley HS 4 - Maize HS 3
TOP OF THE 3RD
Madawaska Valley HS Wolves batting - Pitching for Maize HS : RHP Broderick Jones
Batting: LHB Marvin Martin 0-0: Called Strike
0-1: Foul Ball, location: 2F
0-2: Ball
1-2: Ball
2-2: Foul Ball, location: 2F
2-2: Fly out, F7 (Line Drive, 7)
Batting: LHB Carl Childs 0-0: Ball
1-0: Foul Ball, location: 2F
1-1: Foul Ball, location: 2F
1-2: Foul Ball, location: 2F
1-2: Ball
2-2: Strikes out looking
Batting: LHB Ricardo Carrillo 0-0: Ball
1-0: Called Strike
1-1: Swinging Strike
1-2: Strikes out swinging
Top of the 3rd over - 0 runs, 0 hits, 0 errors, 0 left on base; Madawaska Valley HS 4 - Maize HS 3
BOTTOM OF THE 3RD
Maize HS batting - Pitching for Madawaska Valley HS Wolves : RHP Jerry Martin
Batting: SHB Richard Hodges 0-0: Ground out 4-3 (Groundball, 4)
Batting: RHB Dennis Brooks 0-0: Called Strike
0-1: Ball
1-1: Ball
2-1: Called Strike
2-2: Ball
3-2: Foul Ball, location: 2F
3-2: Foul Ball, location: 2F
3-2: Base on Balls
Batting: LHB Matthis Michaud 0-0: Foul Ball, location: 2F
0-1: Ball
1-1: Ball
2-1: Swinging Strike
2-2: Strikes out swinging
Batting: RHB David Cox 0-0: Foul Ball, location: 2F
0-1: Foul Ball, location: 2F
0-2: Strikes out swinging
Bottom of the 3rd over - 0 runs, 0 hits, 0 errors, 1 left on base; Madawaska Valley HS 4 - Maize HS 3
TOP OF THE 4TH
Madawaska Valley HS Wolves batting - Pitching for Maize HS : RHP Broderick Jones
Batting: LHB Bob Stafford 0-0: Ball
1-0: Ball
2-0: Fly out, F7 (Flyball, 78M)
Batting: RHB Ed Starr 0-0: Called Strike
0-1: Swinging Strike
0-2: Strikes out looking
Batting: RHB Jim Barnes 0-0: Foul Ball, location: 2F
0-1: Ball
1-1: Fly out, F9 (Flyball, 9S)
Top of the 4th over - 0 runs, 0 hits, 0 errors, 0 left on base; Madawaska Valley HS 4 - Maize HS 3
BOTTOM OF THE 4TH
Maize HS batting - Pitching for Madawaska Valley HS Wolves : RHP Jerry Martin
Batting: RHB José Ramírez 0-0: Foul Ball, location: 2F
0-1: Called Strike
0-2: Foul Ball, location: 2F
0-2: Ball
1-2: Strikes out swinging
Batting: SHB Adrian Turner 0-0: Called Strike
0-1: Ball
1-1: Called Strike
1-2: Ball
2-2: Ground out 4-3 (Groundball, 4D)
Batting: SHB Armando Guzmán 0-0: Called Strike
0-1: Ball
1-1: Ball
2-1: Fly out, F9 (Flyball, 89S)
Bottom of the 4th over - 0 runs, 0 hits, 0 errors, 0 left on base; Madawaska Valley HS 4 - Maize HS 3
TOP OF THE 5TH
Madawaska Valley HS Wolves batting - Pitching for Maize HS : RHP Broderick Jones
Batting: RHB Jeff Kinser 0-0: Called Strike
0-1: Swinging Strike
0-2: Ball
1-2: SOLO HOME RUN (Flyball, 7LD), Distance : 339 ft
Batting: LHB Eugene Rogers 0-0: Fly out, F8 (Flyball, 89M)
Batting: RHB Bill Martínez 0-0: Called Strike
0-1: Ground out 1-3 (Groundball, 13S)
Batting: LHB Marvin Martin 0-0: Foul Ball, location: 2F
0-1: Ground out 2-3 (Groundball, 2L)
Top of the 5th over - 1 run, 1 hit, 0 errors, 0 left on base; Madawaska Valley HS 5 - Maize HS 3
BOTTOM OF THE 5TH
Maize HS batting - Pitching for Madawaska Valley HS Wolves : RHP Jerry Martin
Batting: LHB Terry Manning 0-0: Ball
1-0: Called Strike
Error on foul ball, E2
1-2: Foul Ball, location: 2F
1-2: Ball
2-2: Foul Ball, location: 2F
2-2: Ball
3-2: Base on Balls
Pitching: LHP Jason Webb
Batting: RHB Ángelo Cortéz 0-0: Swinging Strike
0-1: Ball
1-1: Called Strike
1-2: Strikes out swinging
Batting: SHB Richard Hodges 0-0: Called Strike
0-1: Ball
1-1: Foul Ball, location: 2F
1-2: Foul Ball, location: 2F
1-2: Ball
2-2: Foul Ball, location: 2F
2-2: Ball
3-2: Foul Ball, location: 2F
3-2: Strikes out looking
Batting: RHB Dennis Brooks 0-0: Ball
1-0: Ball
2-0: Ball
3-0: Base on Balls
Terry Manning to second
Batting: LHB Matthis Michaud 0-0: Ball
1-0: Foul Ball, location: 2F
1-1: Fly out, F8 (Flyball, 8LM)
Bottom of the 5th over - 0 runs, 0 hits, 1 error, 2 left on base; Madawaska Valley HS 5 - Maize HS 3
TOP OF THE 6TH
Madawaska Valley HS Wolves batting - Pitching for Maize HS : RHP Broderick Jones
Pitching: LHP Javier Corona
Batting: LHB Carl Childs 0-0: Ball
1-0: Foul Ball, location: 2F
1-1: Ball
2-1: Ball
3-1: Ground out 4-3 (Groundball, 4)
Batting: LHB Ricardo Carrillo 0-0: Ball
1-0: Ball
2-0: Swinging Strike
2-1: Foul Ball, location: 2F
2-2: Ball
3-2: Strikes out swinging
Batting: LHB Bob Stafford 0-0: Foul Ball, location: 2F
0-1: Fly out, F7 (Flyball, 7S)
Top of the 6th over - 0 runs, 0 hits, 0 errors, 0 left on base; Madawaska Valley HS 5 - Maize HS 3
BOTTOM OF THE 6TH
Maize HS batting - Pitching for Madawaska Valley HS Wolves : LHP Jason Webb
Batting: RHB David Cox 0-0: Ball
1-0: Swinging Strike
1-1: Ball
2-1: Called Strike
2-2: Strikes out swinging
Batting: RHB José Ramírez 0-0: Called Strike
0-1: Foul Ball, location: 2F
0-2: Foul Ball, location: 2F
0-2: Foul Ball, location: 2F
0-2: Ball
1-2: DOUBLE (Line Drive, 5D)
Batting: SHB Adrian Turner 0-0: Called Strike
0-1: Swinging Strike
0-2: Fly out, F8 (Flyball, 8RM)
Batting: SHB Armando Guzmán 0-0: Called Strike
0-1: Ball
1-1: Foul Ball, location: 2F
1-2: Ball
2-2: Foul Ball, location: 2F
2-2: Foul Ball, location: 2F
2-2: Strikes out swinging
Bottom of the 6th over - 0 runs, 1 hit, 0 errors, 1 left on base; Madawaska Valley HS 5 - Maize HS 3
TOP OF THE 7TH
Madawaska Valley HS Wolves batting - Pitching for Maize HS : LHP Javier Corona
Pitching: RHP Alejandro Hernández
Batting: RHB Ed Starr 0-0: Called Strike
0-1: Ball
1-1: Ball
2-1: Foul Ball, location: 2F
2-2: Strikes out swinging
Batting: RHB Jim Barnes 0-0: Called Strike
0-1: SINGLE (Groundball, 6MD)
Pitching: LHP Barry Fallon
Batting: RHB Jeff Kinser 0-0: Fielders Choice at 2nd, 5-4 (Groundball, 5L)
Pitching: RHP Enrico Fernández
Batting: LHB Eugene Rogers 0-0: DOUBLE (Line Drive, 9LS)
Jeff Kinser to third
Runner from 3rd tries for Home, SAFE, no throw
Batting: RHB Bill Martínez 0-0: Ball
1-0: Swinging Strike
1-1: Foul Ball, location: 2F
1-2: Strikes out swinging
Top of the 7th over - 1 run, 2 hits, 0 errors, 1 left on base; Madawaska Valley HS 6 - Maize HS 3
BOTTOM OF THE 7TH
Maize HS batting - Pitching for Madawaska Valley HS Wolves : LHP Jason Webb
Batting: LHB Terry Manning 0-0: SINGLE (Groundball, 6M) (infield hit)
Batting: RHB Ángelo Cortéz 0-0: Swinging Strike
0-1: DOUBLE (Flyball, 89D)
Terry Manning to third
Batting: SHB Richard Hodges 0-0: Ball
1-0: Foul Ball, location: 2F
1-1: Ball
Wild Pitch!
Terry Manning scores
Ángelo Cortéz to third
2-1: Foul Ball, location: 2F
2-2: Ball
3-2: Base on Balls
Batting: RHB Dennis Brooks 0-0: Ball
1-0: Foul Ball, location: 2F
1-1: Swinging Strike
1-2: Ball
2-2: Fly out, F9 (Flyball, 9S)
Batting: LHB Matthis Michaud 0-0: Ball
1-0: Ball
2-0: Ball
3-0: Base on Balls
Richard Hodges to second
Batting: RHB David Cox 0-0: Foul Ball, location: 2F
0-1: Grounds into fielders choice 5-2 (Groundball, 5L)
Richard Hodges to third
Matthis Michaud to second
Batting: RHB José Ramírez 0-0: Ball
1-0: Called Strike
1-1: Ball
2-1: Foul Ball, location: 2F
2-2: Foul Ball, location: 2F
2-2: Foul Ball, location: 2F
2-2: Ground out 4-3 (Groundball, 4)
Bottom of the 7th over - 1 run, 2 hits, 0 errors, 3 left on base; Madawaska Valley HS 6 - Maize HS 4
TOP OF THE 8TH
Madawaska Valley HS Wolves batting - Pitching for Maize HS : RHP Enrico Fernández
Batting: LHB Marvin Martin 0-0: Swinging Strike
0-1: Called Strike
0-2: Ball
1-2: Foul Ball, location: 2F
1-2: Foul Ball, location: 2F
1-2: Foul Ball, location: 2F
1-2: Foul Ball, location: 2F
1-2: SINGLE (Line Drive, 78S)
Batting: LHB Carl Childs 0-0: Fly out, F1 (Line Drive, 13)
Lined into DP, 1-3 (Line Drive, 13)
Batting: LHB Ricardo Carrillo 0-0: Swinging Strike
0-1: Foul Ball, location: 2F
0-2: Ball
1-2: Ball
2-2: Fly out, F3 (Popup, 34)
Top of the 8th over - 0 runs, 1 hit, 0 errors, 0 left on base; Madawaska Valley HS 6 - Maize HS 4
BOTTOM OF THE 8TH
Maize HS batting - Pitching for Madawaska Valley HS Wolves : LHP Jason Webb
Pitching: RHP José Nevárez
Batting: SHB Adrian Turner 0-0: Called Strike
0-1: Swinging Strike
0-2: Strikes out swinging
Batting: SHB Armando Guzmán 0-0: Ball
1-0: Swinging Strike
1-1: Foul Ball, location: 2F
1-2: SINGLE (Line Drive, 78S)
Batting: LHB Terry Manning 0-0: Fly out, F9 (Flyball, 9)
Batting: RHB Ángelo Cortéz 0-0: SINGLE (Flyball, 9S)
Armando Guzmán to second
Runner from 2nd tries for 3rd, SAFE, no throw
Batting: SHB Richard Hodges 0-0: Ball
1-0: Ball
2-0: Foul Ball, location: 2F
2-1: SINGLE (Flyball, 89S)
Armando Guzmán scores
Ángelo Cortéz to second
Throwing error, E9
Ángelo Cortéz scores
Richard Hodges to second
Batting: RHB Dennis Brooks 0-0: Ball
1-0: Swinging Strike
1-1: Ball
2-1: Ball
3-1: SINGLE (Flyball, 7LS)
Richard Hodges to third
Runner from 3rd tries for Home, SAFE, no throw
Pitching: RHP Jorge Morín
Batting: LHB Matthis Michaud 0-0: Called Strike
0-1: Ball
1-1: Ball
2-1: SINGLE (Line Drive, 89S)
Dennis Brooks to second
Pitching: RHP Ramón Reyes
Batting: RHB David Cox 0-0: Ball
1-0: Ball
2-0: Ball
3-0: Base on Balls
Dennis Brooks to third
Matthis Michaud to second
Pitching: LHP Jerry Davis
Batting: RHB José Ramírez 0-0: Ball
1-0: Ball
2-0: Ball
3-0: Base on Balls
Dennis Brooks scores
Matthis Michaud to third
David Cox to second
Batting: SHB Adrian Turner 0-0: Called Strike
0-1: Swinging Strike
0-2: Foul Ball, location: 2F
0-2: Ball
1-2: Ball
2-2: Ball
3-2: Foul Ball, location: 2F
3-2: SINGLE (Line Drive, 7LS)
Matthis Michaud scores
David Cox to third
José Ramírez to second
David Cox scores
José Ramírez to third
Batting: SHB Armando Guzmán 0-0: Called Strike
0-1: Ball
1-1: Ball
2-1: Called Strike
2-2: SINGLE (Groundball, 4MD)
José Ramírez scores
Adrian Turner to second
Batting: LHB Terry Manning 0-0: Fielders Choice at 2nd, U6 (Groundball, 6M)
Bottom of the 8th over - 7 runs, 7 hits, 1 error, 2 left on base; Madawaska Valley HS 6 - Maize HS 11
TOP OF THE 9TH
Madawaska Valley HS Wolves batting - Pitching for Maize HS : RHP Enrico Fernández
Batting: LHB Bob Stafford 0-0: Foul Ball, location: 2F
0-1: SINGLE (Flyball, 7LM)
Batting: RHB Ed Starr 0-0: Grounds into double play, 6-4-3 (Groundball, 6)
Batting: RHB Jim Barnes 0-0: Called Strike
0-1: Swinging Strike
0-2: Ball
1-2: Ball
2-2: DOUBLE (Line Drive, 89D)
Batting: RHB Jeff Kinser 0-0: Called Strike
0-1: Called Strike
0-2: Strikes out swinging
Top of the 9th over - 0 runs, 2 hits, 0 errors, 1 left on base; Madawaska Valley HS 6 - Maize HS 11
Saturday, April 7th, 2018 - OOTP Baseball 18.8 Build 76